 Dungeon Crawl Stone Soup version 0.30-a0-4-ga7cffc901d (webtiles) character file.

Game seed: 7239520369755093854

43366 purpskrrrp the Imperceptible (level 13, -4/114 HPs)
             Began as a Vampire Brigand on Aug 21, 2022.
             Was a High Priest of Wu Jian.
             Engulfed by an ice statue's freezing vapour (8 damage)
             ... in an ice cave.
             The game lasted 00:53:24 (16992 turns).

purpskrrrp the Imperceptible (Vampire Brigand)     Turns: 16992, Time: 00:53:25

Health: -4/114     AC: 10    Str:  9    XL:     13   Next: 90%
Magic:  0/13       EV: 21    Int: 12    God:    Wu Jian [*****.]
Gold:   926        SH:  0    Dex: 25    Spells: 12/12 levels left

rFire   . . .      SeeInvis +    I - +9 dagger (flame)
rCold   . . .      Faith    .    (no shield)
rNeg    . . .      Spirit   +    K - +0 acid dragon scales
rPois   .          Reflect  .    u - +0 hat {Stlth+}
rElec   .          Harm     .    c - +2 cloak
rCorr   +          Rampage  .    y - +0 pair of gloves
Will    +....                    (no boots)
Stlth   ++++......               C - amulet of guardian spirit
HPRegen 0.49/turn                k - +4 ring of slaying
MPRegen 0.13/turn                Q - ring of flight

@: confused, ambrosia-drunk, flying, healing quickly
A: alive, fangs 3, see invisible, vampiric 2, horns 1, agile 1, robust 1,
subdued magic 1
a: Exsanguinate, Renounce Religion, Wall Jump, Serpent's Lash, Heavenly Storm


You were in an ice cave.
You worshipped Wu Jian.
Wu Jian was extremely pleased with you.
You visited 4 branches of the dungeon, and saw 19 of its levels.
You also visited: Ice Cave.

You collected 926 gold pieces.

Inventory:

Hand Weapons
 a - a +2 dagger
 i - a +2 dagger of venom
 p - a +2 scimitar of electrocution
 x - a +3 rapier of venom
 I - a +9 dagger of flaming (weapon)
Missiles
 d - 37 poisoned darts (quivered)
 e - 6 curare-tipped darts
 l - a throwing net
Armour
 b - a +0 robe
 c - a +2 cloak (worn)
 o - a +2 robe of the Archmagi
 t - a +3 leather armour of cold resistance
 u - a +0 hat of stealth (worn)
 y - a +0 pair of gloves (worn)
 H - a +2 hat of see invisible
 K - +0 acid dragon scales (worn)
Jewellery
 h - an amulet of regeneration
 k - a +4 ring of slaying (left hand)
 C - an amulet of guardian spirit (around neck)
 Q - a ring of flight (right hand)
 S - the amulet "Isaqaw" {Spirit Contam Regen+ Str+4 Slay+3}
   (You found it on level 3 of the Lair of Beasts)

   [amulet of guardian spirit]

   It causes incoming damage to be divided between your reserves of health and
   magic.
   Str:       It affects your strength (+4).
   Slay:      It affects your accuracy & damage with ranged weapons and melee
   (+3).
   Contam:    It causes magical contamination when unequipped.
   Regen:     It increases your rate of health regeneration.
 T - a ring of protection from cold
Wands
 n - a wand of flame (47)
 z - a wand of charming (8)
 M - a wand of digging (3)
 O - a wand of mindburst (6)
Scrolls
 f - a scroll of noise
 s - 5 scrolls of magic mapping
 w - a scroll of fear
 A - 3 scrolls of teleportation
 D - 3 scrolls of poison
 N - a scroll of amnesia
 P - a scroll of fog
Potions
 g - 3 potions of cancellation
 j - a potion of haste
 m - a potion of lignification
 q - 4 potions of flight
 v - 6 potions of ambrosia
 B - 3 potions of degeneration
 E - a potion of might
 G - 2 potions of brilliance
 L - a potion of invisibility {unknown}
 R - a potion of berserk rage {unknown}
Miscellaneous
 r - a condenser vane
 J - a phial of floods


   Skills:
 + Level 10.3 Fighting
 + Level 12.3 Short Blades
 - Level 3.6 Throwing
 + Level 12.1 Dodging
 * Level 26.3 Stealth


You had 12 spell levels left.
You didn't know any spells.
Your spell library contained the following spells:

 Spells                   Type           Power      Damage    Failure   Level
 Apportation              Tloc           0%         N/A       45%         1
 Freeze                   Ice            0%         1d3       45%         1
 Necrotise                Necr           0%         1d4       45%         1
 Slow                     Hex            0%         N/A       45%         1
 Passwall                 Tmut/Erth      0%         N/A       58%         2
 Confusing Touch          Hex            0%         N/A       83%         3
 Frozen Ramparts          Ice            0%         1d1       83%         3
 Gell's Gravitas          Tloc           0%         N/A       83%         3
 Ignite Poison            Fire/Tmut/Pois 0%         N/A       83%         3
 Lesser Beckoning         Tloc           0%         N/A       83%         3
 Teleport Other           Tloc           0%         N/A       83%         3
 Tukima's Dance           Hex            0%         N/A       83%         3
 Vampiric Draining        Necr           0%         2d6       83%         3
 Airstrike                Air            0%         2d(0-16)  99%         4
 Animate Dead             Necr           0%         N/A       99%         4
 Cause Fear               Hex            0%         N/A       99%         4
 Hailstorm                Conj/Ice       0%         3d3       99%         4
 Olgreb's Toxic Radiance  Pois           0%         N/A       99%         4
 Passage of Golubria      Tloc           0%         N/A       99%         4
 Summon Lightning Spire   Summ/Air       0%         N/A       99%         4
 Agony                    Necr           0%         N/A       100%        5
 Alistair's Intoxication  Tmut/Pois      0%         N/A       100%        5
 Lightning Bolt           Conj/Air       0%         1d11      100%        5
 Manifold Assault         Tloc           0%         N/A       100%        5
 Yara's Violent Unravell  Hex/Tmut       0%         3d3       100%        5
 Dragon Form              Tmut           0%         N/A       100%        7
 Haunt                    Necr/Summ      0%         N/A       100%        7
 Ozocubu's Refrigeration  Ice            0%         4d7       100%        7
 Ignition                 Fire           0%         3d3       100%        8
 Infestation              Necr           0%         N/A       100%        8
 Dragon's Call            Summ           0%         N/A       100%        9


Dungeon Overview and Level Annotations

Branches:
Dungeon (13/15)            Temple (1/1) D:4            Lair (4/5) D:8
 Shoals (0/4) Lair:3       Spider (0/4) Lair:3          Orc (1/2) D:9
 Vaults (0/5) D:13          IceCv (1/1)
  Slime: Lair:4-5

Altars:
Ashenzari
Cheibriados
Dithmenos
Fedhas
Gozag
Hepliaklqana
Kikubaaqudgha
Makhleb
Nemelex Xobeh
Okawaru
Qazlal
Ru
Sif Muna
Trog
Uskayaw
Vehumet
Wu Jian
Xom
Yredelemnul

Shops:
D:8 (

Annotations:
D:5 1 runed translucent door, SensoryNuts's ghost, novice DsFi
D:7 2 transporters, Grum; flotson's ghost, novice DsDe IceCv exclusion: 2 ice statues


Innate Abilities, Weirdness & Mutations

Your natural rate of healing is accelerated.
You have razor-sharp teeth.
You have supernaturally acute eyesight. (SInv)
You are afflicted with vampirism and can become a bat while bloodless.
You have a pair of small horns on your head.
You are agile. (Dex +4, Str/Int -1)
You are robust. (+10% HP)
Your spells are a little easier to cast, but a little less powerful.


Message History

You completely miss the ice statue.
The ice statue is lightly damaged.
You hit the ice statue but do no damage.
You headbutt the ice statue, but do no damage.
You bite the ice statue.
The ice statue is lightly damaged.
You hit the ice statue.
You melt the ice statue.
You punch the ice statue. You bite the ice statue.
The ice statue is moderately damaged.
You hit the ice statue.
You melt the ice statue.
The ice statue is moderately damaged.
The ice statue gestures at you. The freezing blast engulfs you!
You hit the ice statue.
You melt the ice statue.
You headbutt the ice statue, but do no damage.
You bite the ice statue, but do no damage.
The ice statue is heavily damaged.
You are engulfed in freezing vapours.
You hit the ice statue but do no damage.
You headbutt the ice statue, but do no damage.
The ice statue is heavily damaged.
You are engulfed in freezing vapours.
The ice statue glitters chillingly in the dim dungeon light.
You puncture the ice statue!
You melt the ice statue.
The ice statue is severely damaged.
You are engulfed in freezing vapours.
You hit the ice statue.
You melt the ice statue.
You bite the ice statue, but do no damage.
The ice statue is severely damaged.
You are engulfed in freezing vapours.
The ice statue gestures at you. The shard of ice hits you!!
* * * LOW HITPOINT WARNING * * *
You feel better.
You are engulfed in freezing vapours.
* * * LOW HITPOINT WARNING * * *
The ice statue gestures at you. The freezing blast misses you.
You are confused.
You feel invigorated.
You are engulfed in freezing vapours.
You die...

##.....# .## #......8
°☼# ####
#......###§§#######..##
#......§#§§.##..##....#
##......§§§###..........
#...○°§☼§○..#.......∩.∩.
#...°○☼☼§##....##.......
#...○§○§####..#####....#
##..°°§@8# #### ##..##
##.#°#### #### ####


You could see 2 ice statues.

Vanquished Creatures
  Frances (D:12)
  Gastronok (D:11)
  A catoblepas (D:13)
  A hydra (Lair:3)
  A vault guard (D:13)
  4 centaur warriors (D:13)
  7 two-headed ogres
  A tengu warrior (D:13)
  3 death yaks (Lair:3)
  A harpy (shapeshifter) (D:8)
  An orc sorcerer (D:9)
  An ugly thing (D:13)
  3 manticores
  2 cyclopes (D:13)
  14 elephants (Lair:2)
  A gargoyle (D:11)
  A black mamba (Lair:1)
  11 cane toads
  3 unseen horrors
  Psyche (D:8)
  A kobold demonologist (D:13)
  3 komodo dragons
  An ice devil (IceCv)
  2 rime drakes
  A queen bee (D:12)
  A hornet (D:8)
  2 trolls
  3 meliai (D:12)
  4 dream sheep (Lair:4)
  3 shadows
  Sigmund (D:3)
  34 yaks
  3 wraiths (D:13)
  3 wyverns
  A basilisk (Lair:3)
  Edmund (D:4)
  5 acid dragons
  3 water moccasins
  5 black bears
  2 sky beasts
  4 orc warriors
  An ogre (D:6)
  7 centaurs
  3 phantoms
  4 kobold brigands
  5 bullfrogs
  A gnoll sergeant (D:13)
  3 necrophages
  5 scorpions
  2 two-headed ogre simulacra (IceCv)
  An elephant simulacrum (IceCv)
  20 killer bees (D:12)
  4 electric eels
  5 howler monkeys
  4 hounds
  7 orc priests
  2 jellies
  A gnoll bouda (D:9)
  3 iguanas
  Ijyb (D:5)
  16 orc wizards
  6 hell rats (Lair:1)
  A troll simulacrum (IceCv)
  A polar bear simulacrum (IceCv)
  7 gnolls
  8 adders
  A shadow imp (D:5)
  5 white imps
  5 ufetubi
  5 worms
  3 dart slugs
  44 orcs
  10 ball pythons
  3 endoplasms
  5 giant cockroaches
  9 goblins
  5 hobgoblins
  12 jackals
  7 quokkas
  4 bats
  2 frilled lizards
  24 kobolds
  3 rats (D:1)
407 creatures vanquished.

Vanquished Creatures (others)
  An orc wizard (D:3)
  11 fungi
  24 plants
36 creatures vanquished.

Grand Total: 443 creatures vanquished

Notes
Turn   | Place    | Note
-------+----------+-------------------------------------------
     0 | D:1      | purpskrrrp the Vampire Brigand began the quest for the Orb.
     0 | D:1      | Reached XP level 1. HP: 16/16 MP: 1/1
    79 | D:1      | Reached skill level 6 in Stealth
   104 | D:1      | Reached XP level 2. HP: 22/22 MP: 2/2
   609 | D:1      | Gained mutation: You are afflicted with vampirism and can
                  | become a bat while bloodless. [Vampire growth]
   609 | D:1      | Reached XP level 3. HP: 27/27 MP: 3/3
  1963 | D:3      | Reached XP level 4. HP: 10/34 MP: 4/4
  2030 | D:3      | Reached XP level 5. HP: 25/39 MP: 5/5
  2183 | D:3      | Noticed Sigmund
  2204 | D:3      | Killed Sigmund
  2205 | D:3      | Reached skill level 7 in Stealth
  2205 | D:3      | Reached XP level 6. HP: 38/47 MP: 6/6
  2635 | D:4      | Reached XP level 7. HP: 52/52 MP: 7/7
  2668 | D:4      | Reached skill level 8 in Stealth
  2700 | D:4      | Got Cuumn's Directory of Planar Transfiguration
  2910 | D:4      | Noticed Edmund
  2917 | D:4      | Killed Edmund
  2918 | D:4      | Reached skill level 5 in Short Blades
  3093 | D:4      | Identified the +6 short sword "Hoerchue" {vamp, rC+ rN+}
  3107 | D:4      | Reached XP level 8. HP: 60/60 MP: 8/8
  3109 | D:4      | Found a shadowy altar of Dithmenos.
  3188 | D:4      | Found a stormy altar of Qazlal.
  3376 | D:4      | Reached skill level 9 in Stealth
  3517 | D:4      | Found a staircase to the Ecumenical Temple.
  3537 | Temple   | Entered the Ecumenical Temple
  3713 | Temple   | Became a worshipper of the Wu Jian Council
  3762 | D:5      | Entered Level 5 of the Dungeon
  3983 | D:5      | Found a runed translucent door.
  3983 | D:5      | Noticed SensoryNuts's ghost (novice DsFi)
  4007 | D:5      | Noticed Ijyb
  4015 | D:5      | Killed Ijyb
  4086 | D:5      | Reached skill level 5 in Dodging
  4449 | D:5      | Reached skill level 10 in Stealth
  4579 | D:6      | Reached * piety under Wu Jian
  5018 | D:6      | Reached skill level 11 in Stealth
  5124 | D:6      | Found a shimmering blue altar of Sif Muna.
  5124 | D:6      | Found a shimmering altar of Xom.
  5246 | D:7      | Reached skill level 5 in Fighting
  5256 | D:7      | Identified the +4 trident of Okawaru's Displeasure {pain,
                  | Drain rCorr MP+9 SInv}
  5256 | D:7      | Identified the +2 kite shield of Ignis's Castigation
                  | {Str+4}
  5279 | D:7      | Reached XP level 9. HP: 68/68 MP: 9/9
  5429 | D:7      | Found a transporter.
  5460 | D:7      | Noticed Grum
  5477 | D:7      | Found a transporter.
  5792 | D:7      | Reached skill level 12 in Stealth
  5999 | D:7      | Noticed flotson's ghost (novice DsDe)
  6039 | D:7      | Identified the ring "Qushiruf" {rPois rCorr Str+4 Dex+6
                  | Stlth-}
  6042 | D:7      | Identified a scroll of acquirement
  6042 | D:7      | Acquired a manual of Stealth
  6166 | D:8      | Noticed Psyche
  6184 | D:8      | Killed Psyche
  6185 | D:8      | Reached skill level 13 in Stealth
  6191 | D:8      | Reached ** piety under Wu Jian
  6193 | D:8      | Found a staircase to the Lair.
  6290 | D:8      | Reached skill level 14 in Stealth
  6311 | D:8      | Noticed a harpy
  6311 | D:8      | a shapeshifter changed into a harpy
  6320 | D:8      | Killed a harpy
  6329 | D:8      | Reached skill level 15 in Stealth
  6381 | D:8      | Reached XP level 10. HP: 47/76 MP: 10/10
  6693 | D:8      | Found Ikezxaesi's Weapon Boutique.
  7088 | D:8      | Identified the +1 leather armour of Pienil {rC- Will++
                  | rCorr SInv}
  7364 | D:9      | Gained mutation: You are somewhat resistant to further
                  | mutation. [potion of mutation]
  7540 | D:9      | Noticed a two-headed ogre
  7541 | D:9      | Noticed a two-headed ogre
  7542 | D:9      | Banished a two-headed ogre
  7543 | D:9      | Reached skill level 16 in Stealth
  7549 | D:9      | Killed a two-headed ogre
  7801 | D:9      | Found a staircase to the Orcish Mines.
  7850 | D:9      | Found an iron altar of Okawaru.
  7923 | D:9      | Reached skill level 17 in Stealth
  7996 | D:9      | Reached skill level 18 in Stealth
  8051 | Orc:1    | Entered Level 1 of the Orcish Mines
  8051 | Orc:1    | Noticed an orc sorcerer
  8074 | D:9      | Killed an orc sorcerer
  8224 | D:10     | Entered Level 10 of the Dungeon
  8242 | D:10     | Reached *** piety under Wu Jian
  8452 | D:10     | Found an ancient bone altar of Kikubaaqudgha.
  8494 | D:10     | Reached skill level 19 in Stealth
  8541 | D:10     | Reached XP level 11. HP: 84/84 MP: 11/11
  8718 | D:10     | Found a radiant altar of Vehumet.
  8797 | D:10     | Found a burning altar of Makhleb.
  8797 | D:10     | Noticed a two-headed ogre
  8802 | D:10     | Killed a two-headed ogre
  9116 | D:11     | Noticed a two-headed ogre
  9122 | D:11     | Killed a two-headed ogre
  9123 | D:11     | Reached skill level 20 in Stealth
  9168 | D:11     | Noticed a two-headed ogre
  9170 | D:11     | Noticed a two-headed ogre
  9198 | D:11     | Killed a two-headed ogre
  9204 | D:11     | Killed a two-headed ogre
  9209 | D:11     | Reached skill level 21 in Stealth
  9368 | D:11     | Noticed Gastronok
  9433 | D:11     | Killed Gastronok
  9582 | D:11     | Reached skill level 22 in Stealth
  9843 | D:11     | Identified the +2 robe of the Everdark {rF++}
 10162 | D:12     | Noticed Frances
 10701 | D:12     | Killed Frances
 10702 | D:12     | Reached skill level 10 in Short Blades
 10702 | D:12     | Reached XP level 12. HP: 62/94 MP: 7/12
 10712 | D:12     | Reached **** piety under Wu Jian
 10713 | D:12     | Reached skill level 23 in Stealth
 10908 | D:12     | Noticed a two-headed ogre
 10910 | D:12     | Killed a two-headed ogre
 10936 | D:12     | Reached skill level 10 in Dodging
 11341 | D:12     | Lost mutation: You are somewhat resistant to further
                  | mutation. [potion of mutation]
 11341 | D:12     | Gained mutation: You expend magic power (3 MP) to
                  | strengthen your wands. [potion of mutation]
 11341 | D:12     | Gained mutation: Your mind is acute. (Int +4, Str/Dex -1)
                  | [potion of mutation]
 11624 | D:13     | Noticed a two-headed ogre
 11625 | D:13     | Noticed a centaur warrior
 11632 | D:13     | Killed a two-headed ogre
 11638 | D:13     | Reached skill level 24 in Stealth
 11810 | D:13     | Killed a centaur warrior
 12009 | D:13     | Noticed a centaur warrior
 12019 | D:13     | Killed a centaur warrior
 12242 | D:13     | Found a gate to the Vaults.
 12242 | D:13     | Noticed a vault guard
 12242 | D:13     | Noticed a vault guard
 12242 | D:13     | Noticed a vault guard
 12243 | D:13     | Noticed a vault guard
 12243 | D:13     | Noticed a vault guard
 12258 | D:13     | Noticed a vault guard
 12258 | D:13     | Noticed a vault guard
 12258 | D:13     | Noticed a vault guard
 12430 | D:13     | Noticed a catoblepas
 12434 | D:13     | Killed a catoblepas
 12477 | D:13     | Noticed a centaur warrior
 12481 | D:13     | Killed a centaur warrior
 12501 | D:13     | Noticed a tengu warrior
 12505 | D:13     | Killed a tengu warrior
 12599 | D:13     | Killed a vault guard
 12854 | D:13     | Noticed a boulder beetle
 12899 | D:13     | Noticed a centaur warrior
 12914 | D:13     | Killed a centaur warrior
 13094 | Lair:1   | Entered Level 1 of the Lair of Beasts
 13181 | Lair:1   | Reached XP level 13. HP: 101/101 MP: 13/13
 13197 | Lair:1   | Reached ***** piety under Wu Jian
 13522 | Lair:1   | Lost mutation: You expend magic power (3 MP) to strengthen
                  | your wands. [potion of mutation]
 13522 | Lair:1   | Lost mutation: Your mind is acute. (Int +4, Str/Dex -1)
                  | [potion of mutation]
 13522 | Lair:1   | Gained mutation: You have a pair of small horns on your
                  | head. [potion of mutation]
 13522 | Lair:1   | Gained mutation: You are robust. (+10% HP) [potion of
                  | mutation]
 13522 | Lair:1   | Gained mutation: Your spells are a little easier to cast,
                  | but a little less powerful. [potion of mutation]
 13522 | Lair:1   | Gained mutation: You are agile. (Dex +4, Str/Int -1)
                  | [potion of mutation]
 13736 | Lair:1   | Reached skill level 25 in Stealth
 15553 | Lair:3   | Reached skill level 10 in Fighting
 15712 | Lair:3   | Identified the amulet "Isaqaw" {Spirit Contam Regen+ Str+4
                  | Slay+3}
 15731 | Lair:3   | Found a staircase to the Shoals.
 15774 | Lair:3   | HP: 5/113 [death yak (15)]
 16011 | Lair:3   | Reached skill level 26 in Stealth
 16374 | Lair:3   | Found a hole to the Spider Nest.
 16848 | Lair:4   | Found a frozen archway.
 16866 | IceCv    | Entered an ice cave
 16991 | IceCv    | HP: 4/114 [ice statue] (14)]
 16992 | IceCv    | Engulfed by an ice statue's freezing vapour

Illustrated notes

Levels and vault maps discovered:
D:1:      saegor_arrival_fortress, layout_basic, minmay_misc_feat_secret_circle
D:2:      layout_basic
D:3:      layout_rooms, uniq_sigmund
D:4:      layout_loops_ring, mainiacjoe_overflow_big_doors, temple_hall,
          minmay_snake_closets, uniq_edmund
D:5:      layout_loops_ring, gammafunk_ghost_grave, uniq_ijyb
D:6:      layout_loops_cross, gammafunk_temple_overflow_elements
D:7:      layout_loops_cross, gammafunk_ghost_gnarly_gnolls
D:8:      layout_layer_cave, dpeg_oklobed_lair, serial_shops, shop, uniq_psyche
D:9:      layout_roguey, kennysheep_okawaru_gauntlet, orc_0_dummy
D:10:     layout_loops_corners, kennysheep_little_box, bloody_makhleb,
          mainiacjoe_overflow_catwalk, solitary_fountain,
          nicolae_twisting_strands
D:11:     minmay_separated_statues, layout_basic, minmay_misc_feat_five,
          uniq_gastronok
D:12:     layout_roguey [special_room_bee], roderic_nine_men_s_morris,
          uniq_frances
D:13:     kennysheep_six_static_rooms, layout_layer_cave, erik_vaults_2
Temple:   eino_narrow_crystal_temple
Lair:1:   layout_cave_pods, beast_lair_carwin_3, serial_bayou_shore_b,
          serial_bayou_shore_b
Lair:2:   layout_long_grid
Lair:3:   layout_loops_ring, elwin_shoals_entry_rocks,
          nicolae_spider_entry_non_spiders, lemuel_fruit_fields,
          serial_bayou_shore_a
Lair:4:   layout_small_grid, portal_ice_cave_rime, minivault_26
Orc:1:    layout_caves, nicolae_shop_clearance
IceCv:    ice_cave_small_demon

Skill      XL: |  1  2  3  4  5  6  7  8  9 10 11 12 13 |
---------------+----------------------------------------+-----
Stealth        | 6 7 8 11 15 19 22 24 26 | 26.3
Fighting       | 2 3 4 5 6 7 8 9 10 | 10.3
Throwing       | 2 3 |  3.6
Dodging        | 2 3 4 5 7 8 9 11 12 | 12.1
Short Blades   | 3 4 5 6 7 8 10 11 12 | 12.3

Action                   |  1- 3 |  4- 6 |  7- 9 | 10-12 | 13-15 || total
-------------------------+-------+-------+-------+-------+-------++-------
Melee: Dagger            |    86 |   104 |   336 |   539 |   374 ||  1439
       Bite              |     9 |    15 |    39 |    75 |    71 ||   209
       Punch             |       |     2 |     8 |    13 |    10 ||    33
       Headbutt          |       |       |       |       |   127 ||   127
Throw: Dart              |       |       |       |     7 |       ||     7
Invok: Lunge             |       |       |    20 |    37 |    23 ||    80
       Whirlwind         |       |       |     2 |    16 |    15 ||    33
 Abil: Wall Jump         |       |       |       |     3 |       ||     3
  Use: Scroll            |     2 |     3 |     5 |    19 |     5 ||    34
       Potion            |       |       |     1 |    16 |     7 ||    24
 Stab: Sleeping          |    13 |     3 |    36 |    37 |    19 ||   108
       Distracted        |       |       |     1 |     2 |     2 ||     5
       Confused          |       |       |       |     2 |       ||     2
       Paralysed         |       |       |       |     2 |       ||     2
       Petrifying        |       |       |       |     1 |       ||     1
Armor: Robe              |    10 |    15 |    10 |       |       ||    35
       Leather armour    |       |       |    62 |     8 |       ||    70
       Acid dragon scale |       |       |       |    88 |    53 ||   141
Dodge: Dodged            |    43 |    61 |   162 |   295 |   168 ||   729

Table legend: (Time is in decaauts)
 A = Elapsed time spent in this place.
 B = Non-inter-level travel time spent in this place.
 C = Inter-level travel time spent in this place.
 D = Time resting spent in this place.
 E = Time spent auto-exploring this place.
 F = Levels seen in this place.
 G = Mean time per level.
                   A        B        C        D        E       F      G
               +--------+--------+--------+--------+--------+-----+--------+
         Total |  16487 |  15999 |    488 |   2073 |  10482 |  20 |  824.3 |
       Dungeon |  12542 |  12139 |    403 |   1585 |   7837 |  13 |  964.8 |
        Temple |    191 |    157 |     34 |      0 |    135 |   1 |  191.0 |
          Lair |   3637 |   3586 |     51 |    488 |   2443 |   4 |  909.2 |
  Orcish Mines |      7 |      7 |      0 |      0 |      0 |   1 |    7.0 |
      Ice Cave |    107 |    107 |      0 |      0 |     67 |   1 |  107.0 |
               +--------+--------+--------+--------+--------+-----+--------+

Top non-repeatable levels by time:
    D:13: 1564 daAuts
    D:12: 1314 daAuts
     D:8: 1251 daAuts
  Lair:3: 1235 daAuts
  Lair:2: 1188 daAuts
  Lair:1: 1173 daAuts
     D:1: 1073 daAuts
     D:4: 932 daAuts
     D:7: 920 daAuts
    D:10: 877 daAuts
    D:11: 868 daAuts
     D:2: 857 daAuts
     D:9: 847 daAuts
     D:5: 747 daAuts
     D:3: 650 daAuts
